[Event "ICC tourney 2545 (5 3)"]
[Site "Internet Chess Club"]
[Date "2021.04.11"]
[Round "2"]
[White "kartheek24"]
[Black "doogie"]
[Result "0-1"]
[ICCResult "White resigns"]
[WhiteElo "1828"]
[BlackElo "1978"]
[Opening "English opening"]
[ECO "A13"]
[NIC "EO.64"]
[Time "14:29:15"]
[TimeControl "300+3"]

1. c4 e6 2. Nf3 Nf6 3. g3 c5 4. Bg2 Nc6 5. O-O Be7 6. b3 O-O 7. e3 d5 8. Bb2
d4 9. exd4 cxd4 10. Re1 Bc5 11. a3 a5 12. d3 Qc7 13. Qe2 e5 14. Nxe5 Re8 15.
f4 Nxe5 16. fxe5 Ng4 17. h3 Nxe5 18. Nd2 Bd7 19. Ne4 Bf8 20. Bxd4 Nc6 21.
Bb2 f5 22. Nf6+ gxf6 23. Bd5+ Kg7 24. Qh5 Qxg3+ 25. Kh1 Rxe1+ {White
resigns} 0-1

[Event "ICC tourney 2545 (5 3)"]
[Site "Internet Chess Club"]
[Date "2021.04.11"]
[Round "2"]
[White "MillzGambit"]
[Black "DiamondDog"]
[Result "1-0"]
[ICCResult "Black resigns"]
[WhiteElo "1393"]
[BlackElo "977"]
[Opening "Two knights defense (Modern bishop's opening)"]
[ECO "C55"]
[NIC "IG.01"]
[Time "14:30:13"]
[TimeControl "300+3"]

1. e4 e5 2. Nf3 Nc6 3. Bc4 Nf6 4. d3 d5 5. exd5 Nxd5 6. Qe2 Be6 7. c3 Bd6 8.
g3 O-O 9. h3 f5 10. Bg5 Qe8 11. Nbd2 Qg6 12. O-O-O Rae8 13. Bb3 Kh8 14. Nf1
e4 15. dxe4 fxe4 16. Bxd5 exf3 17. Qd2 Bxd5 18. Qxd5 Re5 19. Qd2 Qxg5 20.
Ne3 Ree8 21. h4 Qg6 22. h5 {Black resigns} 1-0

[Event "ICC tourney 2545 (5 3)"]
[Site "Internet Chess Club"]
[Date "2021.04.11"]
[Round "2"]
[White "ELCCEthan488"]
[Black "schakraborty148"]
[Result "1-0"]
[ICCResult "Black checkmated"]
[WhiteElo "1593"]
[BlackElo "1218"]
[Opening "QGD: Marshall defense"]
[ECO "D06"]
[NIC "QP.08"]
[Time "14:29:41"]
[TimeControl "300+3"]

1. d4 d5 2. c4 Nf6 3. cxd5 Nxd5 4. e4 Nf6 5. Nc3 Nc6 6. Nf3 Bg4 7. Bb5 e6 8.
d5 exd5 9. exd5 Qe7+ 10. Kf1 Bxf3 11. Qxf3 Nxd5 12. Nxd5 Qd7 13. Nb4 O-O-O
14. Nxc6 bxc6 15. Ba6+ Kb8 16. Qb3+ Ka8 17. Qb7# {Black checkmated} 1-0

[Event "ICC tourney 2545 (5 3)"]
[Site "Internet Chess Club"]
[Date "2021.04.11"]
[Round "2"]
[White "Morad-Magdy"]
[Black "KingSack"]
[Result "0-1"]
[ICCResult "White checkmated"]
[WhiteElo "1937"]
[BlackElo "1489"]
[Opening "Queen's pawn game, Chigorin variation"]
[ECO "D02"]
[NIC "QP.08"]
[Time "14:29:01"]
[TimeControl "300+3"]

1. d4 d5 2. Nf3 Nc6 3. c4 e6 4. Nc3 Nf6 5. Bg5 Be7 6. e3 O-O 7. Bd3 h6 8.
Bh4 Nb4 9. Be2 dxc4 10. Bxc4 c5 11. O-O cxd4 12. exd4 Nfd5 13. Bg3 a6 14. a3
Nc6 15. Re1 Bf6 16. Ne5 Nxe5 17. dxe5 Nxc3 18. bxc3 Qxd1 19. Rexd1 Be7 20.
a4 Bc5 21. a5 b6 22. axb6 Bxb6 23. Rd6 Bc5 24. Rc6 Be7 25. Bxa6 Bxa6 26.
Rcxa6 Rxa6 27. Rxa6 Rc8 28. h4 Rxc3 29. Ra8+ Kh7 30. Ra7 Bc5 31. Rxf7 Rxg3
32. Rc7 Rc3 33. Kh2 Bd4 34. Rxc3 Bxc3 35. f4 Kg6 36. g4 h5 37. Kg3 hxg4 38.
Kxg4 Bd4 39. h5+ Kh6 40. Kh4 Bf2+ 41. Kg4 Bd4 42. Kh4 g6 43. hxg6 Kxg6 44.
Kg4 Bf2 45. Kf3 Be1 46. Ke2 Bb4 47. Ke3 Kf5 48. Kf3 Bd2 49. Ke2 Bxf4 50. Kd3
Kxe5 51. Ke2 Ke4 52. Ke1 Ke3 53. Kf1 e5 54. Ke1 e4 55. Kf1 Kd2 56. Kg2 e3
57. Kf3 e2 58. Kxf4 e1=Q 59. Kf5 Qe3 60. Kf6 Qe4 61. Kf7 Qe5 62. Kf8 Qc7 63.
Ke8 Kd3 64. Kf8 Ke4 65. Kg8 Kf5 66. Kh8 Kg6 67. Kg8 Qg7# {White checkmated}
0-1

[Event "ICC tourney 2545 (5 3)"]
[Site "Internet Chess Club"]
[Date "2021.04.11"]
[Round "2"]
[White "Colchester"]
[Black "colorfulcake"]
[Result "1-0"]
[ICCResult "Black resigns"]
[WhiteElo "1621"]
[BlackElo "1379"]
[Opening "Sicilian: accelerated fianchetto, Maróczy bind, 6.Be3"]
[ECO "B38"]
[NIC "SI.31"]
[Time "14:29:41"]
[TimeControl "300+3"]

1. e4 c5 2. Nf3 Nc6 3. c4 g6 4. d4 cxd4 5. Nxd4 Bg7 6. Be3 Nf6 7. Nc3 d6 8.
h3 a6 9. Be2 Bd7 10. O-O O-O 11. Rc1 Rc8 12. f4 e5 13. Nxc6 Bxc6 14. Bf3 Re8
15. fxe5 dxe5 16. Qxd8 Rexd8 17. Rcd1 h5 18. b3 Nh7 19. Kf2 Nf8 20. Ke2 Ne6
21. g3 Nd4+ 22. Bxd4 exd4 23. Nd5 Bxd5 24. cxd5 Rc2+ 25. Rd2 Rdc8 26. Rd1
Rxd2+ 27. Rxd2 Re8 28. Rc2 Re7 29. Kd3 f5 30. g4 fxe4+ 31. Bxe4 hxg4 32.
hxg4 g5 33. Rc8+ Kf7 34. d6 Rd7 35. Rc7 Ke6 36. Bf5+ {Black resigns} 1-0

[Event "ICC tourney 2545 (5 3)"]
[Site "Internet Chess Club"]
[Date "2021.04.11"]
[Round "2"]
[White "RichTNYC"]
[Black "harrisongaro"]
[Result "0-1"]
[ICCResult "White checkmated"]
[WhiteElo "1206"]
[BlackElo "1542"]
[Opening "French: advance variation"]
[ECO "C02"]
[NIC "FR.03"]
[Time "14:29:11"]
[TimeControl "300+3"]

1. e4 e6 2. d4 d5 3. e5 c5 4. c3 Nc6 5. Bb5 Bd7 6. Nf3 Qb6 7. Bxc6 Bxc6 8.
O-O Ne7 9. Be3 Nf5 10. dxc5 Qb5 11. Nd4 Nxd4 12. Bxd4 Be7 13. b3 O-O-O 14.
Na3 Qa6 15. Nc2 f6 16. Nb4 Qa5 17. Nxc6 bxc6 18. b4 Qb5 19. Qb3 fxe5 20.
Bxe5 Bf6 21. Bd6 e5 22. Qa3 a6 23. Rfe1 g5 24. Bxe5 Rhe8 25. Bxf6 Rxe1+ 26.
Rxe1 Rd7 27. Bxg5 d4 28. Re8+ Kc7 29. Qa5+ Qxa5 30. bxa5 dxc3 31. Re1 c2 32.
Rc1 Rd1+ 33. Rxd1 cxd1=Q# {White checkmated} 0-1

[Event "ICC tourney 2545 (5 3)"]
[Site "Internet Chess Club"]
[Date "2021.04.11"]
[Round "2"]
[White "Ldon22"]
[Black "Bob73"]
[Result "0-1"]
[ICCResult "White checkmated"]
[WhiteElo "1335"]
[BlackElo "1601"]
[Opening "Sicilian: Canal-Sokolsky (Nimzovich-Rossolimo, Moscow) attack"]
[ECO "B51"]
[NIC "SI.01"]
[Time "14:29:41"]
[TimeControl "300+3"]

1. e4 c5 2. Nf3 d6 3. Bb5+ Nc6 4. Nc3 Bd7 5. O-O a6 6. Bxc6 Bxc6 7. d4 cxd4
8. Qxd4 Nf6 9. Bg5 e6 10. Rfe1 Be7 11. e5 Bxf3 12. exf6 gxf6 13. gxf3 Rg8
14. Kf1 Rxg5 15. Qh4 Qc7 16. Qxh7 Qc4+ 17. Re2 Kd7 18. Qd3 Qxd3 19. cxd3
Rag8 20. Ke1 Rg1+ 21. Kd2 Rxa1 22. Re4 Rh8 23. Rb4 b5 24. a4 d5 25. Rb3 b4
26. Ne2 Rxh2 27. Ke3 Rxa4 28. d4 Ra2 29. Ng3 a5 30. Nf1 Rg2 31. Rd3 Rxb2 32.
Nd2 a4 33. f4 a3 34. Nb3 Rxb3 35. Rxb3 a2 36. Ra3 bxa3 37. f5 a1=Q 38. fxe6+
Kxe6 39. f4 Qc3# {White checkmated} 0-1

[Event "ICC tourney 2545 (5 3)"]
[Site "Internet Chess Club"]
[Date "2021.04.11"]
[Round "2"]
[White "pawnmoves22"]
[Black "Visam"]
[Result "0-1"]
[ICCResult "White resigns"]
[WhiteElo "1637"]
[BlackElo "2586"]
[Opening "Richter-Veresov attack"]
[ECO "D01"]
[NIC "VO.15"]
[Time "14:29:52"]
[TimeControl "300+3"]

1. Nc3 d5 2. d4 Nf6 3. Bg5 Nbd7 4. Nf3 h6 5. Bd2 e6 6. e3 c5 7. Bd3 a6 8.
O-O b5 9. a4 b4 10. Na2 a5 11. Bb5 Bd6 12. c3 bxc3 13. Nxc3 O-O 14. Re1 Bb7
15. Qc2 Qe7 16. e4 dxe4 17. Nxe4 Bxe4 18. Rxe4 Nxe4 19. Qxe4 Nf6 20. Qe1
Rfd8 21. dxc5 Bxc5 22. Be3 Bxe3 23. Qxe3 Qb4 24. b3 Nd5 25. Qd3 Nc3 26. Qc2
Nxb5 27. axb5 Qxb5 28. Qc3 Rd3 29. Qe5 Qxe5 30. Nxe5 Rxb3 31. h3 a4 32. Nc6
a3 33. Nd4 Rb2 34. Kf1 a2 35. Ne2 Rb1+ {White resigns} 0-1

[Event "ICC tourney 2545 (5 3)"]
[Site "Internet Chess Club"]
[Date "2021.04.11"]
[Round "2"]
[White "hkarmali"]
[Black "clydedrexler22"]
[Result "0-1"]
[ICCResult "White resigns"]
[WhiteElo "1381"]
[BlackElo "1593"]
[Opening "Old Indian defense"]
[ECO "A42"]
[NIC "OI.07"]
[Time "14:30:05"]
[TimeControl "300+3"]

1. d4 d6 2. c4 e5 3. d5 f5 4. Nc3 Nf6 5. Bg5 Be7 6. Bxf6 Bxf6 7. e4 O-O 8.
Nf3 Na6 9. Bd3 Nc5 10. Bc2 a5 11. O-O f4 12. a3 g5 13. b4 axb4 14. axb4 Rxa1
15. Qxa1 Na6 16. Qa5 g4 17. Nd2 Qe8 18. Nb5 f3 19. Nxc7 Qh5 20. g3 Qh3
{White resigns}
0-1

[Event "ICC tourney 2545 (5 3)"]
[Site "Internet Chess Club"]
[Date "2021.04.11"]
[Round "2"]
[White "Xuanli28"]
[Black "byumitchell"]
[Result "1/2-1/2"]
[ICCResult "Game drawn by mutual agreement"]
[WhiteElo "1667"]
[BlackElo "1182"]
[Opening "Caro-Kann: classical, 6.h4"]
[ECO "B19"]
[NIC "CK.11"]
[Time "14:30:20"]
[TimeControl "300+3"]

1. e4 c6 2. d4 d5 3. Nd2 dxe4 4. Nxe4 Bf5 5. Ng3 Bg6 6. h4 h6 7. Nf3 Nf6 8.
Ne5 Bh7 9. Bc4 e6 10. Be3 Be7 11. Qd2 Nbd7 12. O-O-O Nxe5 13. dxe5 Qxd2+ 14.
Rxd2 Nd5 15. Bd4 O-O 16. f3 b5 17. Bxd5 cxd5 18. Ne2 Rfc8 19. g4 Rc6 20. Be3
Rac8 21. Nd4 R6c7 22. Rhh2 Bc5 23. Kb1 b4 24. Rhg2 Bxd4 25. Bxd4 a5 26. b3
Ra8 27. Kb2 a4 28. Rgf2 axb3 29. axb3 Rc6 30. Rf1 Rac8 31. Rff2 Ra8 32. Rf1
{Game drawn by mutual agreement}
1/2-1/2

[Event "ICC tourney 2545 (5 3)"]
[Site "Internet Chess Club"]
[Date "2021.04.11"]
[Round "2"]
[White "mathman"]
[Black "sekere"]
[Result "1-0"]
[ICCResult "Black resigns"]
[WhiteElo "2216"]
[BlackElo "1528"]
[Opening "Sicilian: O'Kelly variation"]
[ECO "B28"]
[NIC "SI.43"]
[Time "14:30:00"]
[TimeControl "300+3"]

1. e4 c5 2. Nf3 a6 3. c3 b5 4. d4 Bb7 5. d5 Nf6 6. Qe2 d6 7. Bg5 Nbd7 8. c4
g6 9. Nc3 Bg7 10. g3 O-O 11. Bg2 bxc4 12. Nd2 a5 13. f4 e6 14. dxe6 fxe6 15.
e5 Bxg2 16. exf6 Bxh1 17. fxg7 Kxg7 18. Bxd8 Raxd8 19. O-O-O Bd5 20. Nxc4
Nf6 21. Nb6 Rfe8 22. g4 {Black resigns} 1-0

[Event "ICC tourney 2545 (5 3)"]
[Site "Internet Chess Club"]
[Date "2021.04.11"]
[Round "2"]
[White "debarghya1972"]
[Black "infacant"]
[Result "1-0"]
[ICCResult "Black checkmated"]
[WhiteElo "1734"]
[BlackElo "1308"]
[Opening "Philidor's defense"]
[ECO "C41"]
[NIC "KP.08"]
[Time "14:29:34"]
[TimeControl "300+3"]

1. e4 e5 2. Nf3 d6 3. d4 Nc6 4. dxe5 Nxe5 5. Nxe5 dxe5 6. Qxd8+ Kxd8 7. c4
Bc5 8. Nc3 Nf6 9. f4 exf4 10. Bxf4 Re8 11. O-O-O+ Bd7 12. Be2 Nxe4 13. Bg4
Nf6 14. Bxd7 Nxd7 15. Nb5 Be3+ 16. Bxe3 Rxe3 17. Rd2 c6 18. Nd6 f6 19. Rhd1
Re7 20. Nf5 Rf7 21. Nd6 Re7 22. Nxb7+ Kc7 23. Nd6 Ne5 24. c5 g6 25. h3 a5
26. g4 Nd7 27. Rc2 Re6 28. a3 Nxc5 29. Nb5+ cxb5 30. Rxc5+ Kb6 31. Rcd5 Rc8+
32. Kb1 Rcc6 33. Rd7 h6 34. Rd8 Re3 35. h4 Re4 36. g5 hxg5 37. hxg5 f5 38.
Rb8+ Kc7 39. Rdd8 Rg4 40. Rdc8+ Kd6 41. Rd8+ Kc5 42. Re8 Rxg5 43. Re5+ Kd4
44. Rbxb5 Rg1+ 45. Ka2 f4 46. Kb3 f3 47. Rbd5# {Black checkmated} 1-0

[Event "ICC tourney 2545 (5 3)"]
[Site "Internet Chess Club"]
[Date "2021.04.11"]
[Round "2"]
[White "TZinke"]
[Black "cstefan"]
[Result "0-1"]
[ICCResult "White resigns"]
[WhiteElo "1439"]
[BlackElo "1994"]
[Opening "Queen's pawn: Chigorin variation"]
[ECO "D00"]
[NIC "QP.08"]
[Time "14:30:32"]
[TimeControl "300+3"]

1. d4 d5 2. Nc3 c6 3. Bf4 Qb6 4. Na4 Qa5+ 5. c3 Nd7 6. b4 Qd8 7. Nf3 Ngf6 8.
e3 Nh5 9. Bd3 Nxf4 10. exf4 g6 11. f5 Bg7 12. fxg6 hxg6 13. O-O Qc7 14. Re1
e6 15. Nc5 Nxc5 16. bxc5 b6 17. Ne5 bxc5 18. Qf3 a5 19. Rab1 c4 20. Bc2 O-O
21. Ba4 c5 22. Ng4 cxd4 23. Nf6+ Bxf6 24. Qxf6 Rb8 25. h4 Rxb1 26. Rxb1 dxc3
27. Qxc3 e5 28. h5 Bf5 29. hxg6 Bxb1 {White resigns} 0-1

[Event "ICC tourney 2545 (5 3)"]
[Site "Internet Chess Club"]
[Date "2021.04.11"]
[Round "2"]
[White "siddhu"]
[Black "cap78red"]
[Result "1-0"]
[ICCResult "Black checkmated"]
[WhiteElo "1782"]
[BlackElo "1417"]
[Opening "Pirc: Austrian attack"]
[ECO "B09"]
[NIC "PU.06"]
[Time "14:29:41"]
[TimeControl "300+3"]

1. e4 d6 2. d4 Nf6 3. Nc3 g6 4. f4 Bg7 5. Nf3 O-O 6. Bc4 Nxe4 7. Nxe4 d5 8.
Bd3 dxe4 9. Bxe4 Nc6 10. c3 Bf5 11. Bxc6 bxc6 12. O-O c5 13. dxc5 Qxd1 14.
Rxd1 Rfd8 15. Be3 Bc2 16. Rxd8+ Rxd8 17. Nd4 Be4 18. Kf2 Bf8 19. b4 a5 20.
a3 axb4 21. axb4 f6 22. Ra7 e5 23. fxe5 fxe5 24. Ne6 Rd7 25. Rxc7 Rxc7 26.
Nxc7 Bd3 27. b5 Be4 28. b6 Bc6 29. Ne6 Kf7 30. Nxf8 Kxf8 31. g4 Kf7 32. Bg5
Ke6 33. Ke3 Kd5 34. Be7 Kc4 35. Bd6 e4 36. h4 Kxc3 37. h5 gxh5 38. gxh5 Kc4
39. Bf8 Kd5 40. h6 Ke5 41. Bd6+ Kf5 42. Kd4 Kg6 43. Bf8 Kf7 44. Bg7 Ke6 45.
Be5 Kf5 46. Bh2 Kg5 47. Ke5 Kxh6 48. Bf4+ Kg6 49. Kd6 Kf5 50. Be3 Bb7 51. c6
Bxc6 52. Kxc6 Kg4 53. b7 Kf3 54. Bg1 e3 55. Bxe3 Kxe3 56. b8=Q Kf3 57. Qh2
Kg4 58. Qxh7 Kf3 59. Kd5 Kf4 60. Qf7+ Ke3 61. Qe6+ Kd2 62. Qh3 Ke1 63. Qg2
Kd1 64. Kc4 Ke1 65. Kd3 Kd1 66. Qg1# {Black checkmated} 1-0

[Event "ICC tourney 2545 (5 3)"]
[Site "Internet Chess Club"]
[Date "2021.04.11"]
[Round "2"]
[White "Maher1278"]
[Black "CoachConor"]
[Result "1-0"]
[ICCResult "Black checkmated"]
[WhiteElo "1416"]
[BlackElo "1049"]
[Opening "KP: Patzer opening"]
[ECO "C20"]
[NIC "KP.10"]
[Time "14:30:13"]
[TimeControl "300+3"]

1. e4 e5 2. Qh5 g6 3. Qxe5+ Be7 4. Qxh8 Bf8 5. Qxg8 Qe7 6. Qxh7 d6 7. Qh8
Be6 8. Qc3 Nd7 9. h4 O-O-O 10. Na3 d5 11. Nb5 Nf6 12. Nxa7+ Kb8 13. Nb5 Nxe4
14. Qa5 Rc8 15. Qa7# {Black checkmated} 1-0

[Event "ICC tourney 2545 (5 3)"]
[Site "Internet Chess Club"]
[Date "2021.04.11"]
[Round "2"]
[White "Irrgarten"]
[Black "SuleymanliAydin"]
[Result "0-1"]
[ICCResult "White resigns"]
[WhiteElo "1504"]
[BlackElo "1749"]
[Opening "Queen's pawn game, Darooha variation "]
[ECO "D02"]
[NIC "QP.06"]
[Time "14:29:47"]
[TimeControl "300+3"]

1. d4 Nf6 2. Nf3 d5 3. g3 Bf5 4. Bg2 e6 5. O-O Be7 6. c4 c6 7. Nc3 Nbd7 8.
Bf4 Ne4 9. Nxe4 Bxe4 10. cxd5 exd5 11. Qb3 Qb6 12. Rfc1 O-O 13. Qxb6 axb6
14. a3 Ra4 15. b3 Rxa3 16. Rxa3 Bxa3 17. Ra1 Bb2 18. Ra7 Bxf3 19. Bxf3 Bxd4
20. Rxb7 Nf6 21. b4 b5 22. Rc7 Bc3 23. Bd6 Re8 24. Rxc6 d4 25. Rb6 g5 26.
Rxb5 g4 27. Rg5+ Kh8 28. Bc6 Re6 29. Bf8 h6 30. Rc5 Bxb4 {White resigns} 0-1

[Event "ICC tourney 2545 (5 3)"]
[Site "Internet Chess Club"]
[Date "2021.04.11"]
[Round "2"]
[White "chessrex"]
[Black "sandeep3345"]
[Result "1-0"]
[ICCResult "Black resigns"]
[WhiteElo "1808"]
[BlackElo "1411"]
[Opening "Blackmar gambit"]
[ECO "D00"]
[NIC "QP.08"]
[Time "14:29:16"]
[TimeControl "300+3"]

1. d4 d5 2. e4 dxe4 3. Nc3 Nf6 4. f3 exf3 5. Nxf3 Bg4 6. h3 Bxf3 7. Qxf3 Nc6
8. Bb5 Qd7 9. d5 Nxd5 10. Nxd5 Qe6+ 11. Ne3 O-O-O 12. Bxc6 bxc6 13. O-O g5
14. Qxf7 Qd6 15. Rd1 Qc5 16. Rxd8+ Kxd8 17. Bd2 Bh6 18. Qf5 Qb6 19. Qd3+ Kc8
20. Qf5+ Kb8 21. Qe5 Rf8 22. Rf1 Rxf1+ 23. Kxf1 g4 24. Ke2 gxh3 25. gxh3
Qa6+ 26. c4 Bxe3 27. Qxe3 Qxc4+ 28. Qd3 Qe6+ 29. Kd1 c5 30. b3 a5 31. Qb5+
Kc8 32. Qe8+ Kb7 33. Qb5+ Kc8 34. Qd3 h5 35. Kc2 Qf6 36. Bxa5 Qf2+ 37. Bd2
e5 38. Qe4 Qg3 39. Qf5+ Kb8 40. Qxh5 e4 41. Qe8+ Kb7 42. Qxe4+ c6 43. h4 Kb6
44. h5 Qh3 45. h6 c4 46. Be3+ c5 47. bxc4 Qh2+ 48. Kb3 Qb8 49. Bf4 Qh8 50.
h7 Ka5 51. Be5 {Black resigns} 1-0

[Event "ICC tourney 2545 (5 3)"]
[Site "Internet Chess Club"]
[Date "2021.04.11"]
[Round "2"]
[White "Tlaloc"]
[Black "ominousc"]
[Result "1-0"]
[ICCResult "Black resigns"]
[WhiteElo "2474"]
[BlackElo "1593"]
[Opening "Réti opening"]
[ECO "A05"]
[NIC "QP.11"]
[Time "14:28:48"]
[TimeControl "300+3"]

1. Nf3 Nf6 2. d3 g6 3. g3 Bg7 4. Bg2 O-O 5. O-O e5 6. Nbd2 Re8 7. e4 Nc6 8.
c3 d5 9. b4 Bg4 10. Qc2 d4 11. Bb2 Nd7 12. a3 Nb6 13. cxd4 exd4 14. Rfc1 a5
15. b5 Na7 16. a4 c6 17. bxc6 bxc6 18. Ba3 Nd7 19. Rab1 Rc8 20. Bd6 c5 21.
Qb2 Rb8 22. Bxb8 Qxb8 23. Qxb8 Rxb8 24. Rxb8+ Nxb8 25. Rxc5 Nd7 26. Rxa5 Nf6
27. Rxa7 h6 28. a5 Bf8 29. Ra8 Nd7 30. a6 Bxf3 31. Bxf3 Nb6 32. Rb8 Nd7 33.
a7 Kg7 34. a8=Q {Black resigns} 1-0

[Event "ICC tourney 2545 (5 3)"]
[Site "Internet Chess Club"]
[Date "2021.04.11"]
[Round "2"]
[White "chessplanet"]
[Black "noprisoners"]
[Result "1-0"]
[ICCResult "Black resigns"]
[WhiteElo "1659"]
[BlackElo "1277"]
[Opening "Budapest: Rubinstein variation"]
[ECO "A52"]
[NIC "QG.01"]
[Time "14:30:00"]
[TimeControl "300+3"]

1. d4 Nf6 2. c4 e5 3. dxe5 Ng4 4. Bf4 Nc6 5. Nf3 Bb4+ 6. Nbd2 Qe7 7. e3
Ngxe5 8. Nxe5 Nxe5 9. Be2 d6 10. O-O Ng6 11. Bg3 c6 12. Nb3 d5 13. cxd5 cxd5
14. Qxd5 Be6 15. Qb5+ Bd7 16. Qxb7 O-O 17. a3 Bd6 18. Bxd6 Qxd6 19. Rad1 Qe6
20. Nc5 Bc6 21. Qxa8 Qf6 22. Qxa7 Nh4 23. f3 Qg5 24. Rf2 Qxe3 25. Qb6 Ba8
26. Nd7 Re8 27. Qxe3 Rxe3 28. Nb6 Bc6 29. Rd8+ Re8 30. Rxe8+ Bxe8 31. Bc4
Nf5 32. Re2 Kf8 33. a4 Nd4 34. Rd2 Nf5 35. Bb5 {Black resigns} 1-0

[Event "ICC tourney 2545 (5 3)"]
[Site "Internet Chess Club"]
[Date "2021.04.11"]
[Round "2"]
[White "JyothirUaditya"]
[Black "Barbo2019"]
[Result "0-1"]
[ICCResult "White checkmated"]
[WhiteElo "1352"]
[BlackElo "1244"]
[Opening "Ruy Lopez: exchange variation, 5.O-O"]
[ECO "C68"]
[NIC "RL.08"]
[Time "14:29:52"]
[TimeControl "300+3"]

1. e4 e5 2. Nf3 Nc6 3. Bb5 a6 4. Bxc6 dxc6 5. O-O Bd6 6. b3 Ne7 7. Ba3 Bxa3
8. Nxa3 Ng6 9. Nc4 Qe7 10. c3 O-O 11. d4 exd4 12. Qxd4 Be6 13. Nce5 Nxe5 14.
Qxe5 Qd6 15. Rad1 Qxe5 16. Nxe5 Rad8 17. Rxd8 Rxd8 18. g4 f6 19. Nc4 Bxg4
20. Kg2 Be6 21. a4 Bxc4 22. bxc4 Rd3 23. Rc1 Kf7 24. f3 Ke6 25. Rb1 b6 26.
Rb3 f5 27. exf5+ Kxf5 28. Kg3 g5 29. h3 h5 30. Kg2 Rd2+ 31. Kg3 h4#
{White checkmated}
0-1

[Event "ICC tourney 2545 (5 3)"]
[Site "Internet Chess Club"]
[Date "2021.04.11"]
[Round "2"]
[White "ren"]
[Black "dcole"]
[Result "0-1"]
[ICCResult "White resigns"]
[WhiteElo "1417"]
[BlackElo "1817"]
[Opening "Vienna game"]
[ECO "C25"]
[NIC "VG.04"]
[Time "14:29:21"]
[TimeControl "300+3"]

1. e4 e5 2. Nc3 Bc5 3. Nge2 Nf6 4. d4 exd4 5. Nxd4 d6 6. Be3 c6 7. Qd2 b5 8.
Nxc6 Nxc6 9. Bxb5 Bd7 10. Bxc5 dxc5 11. O-O-O O-O 12. f3 Nd4 13. Bxd7 Qxd7
14. h3 Rfd8 15. Rhe1 Rab8 16. e5 Qb7 17. Na4 Nb3+ 18. cxb3 Rxd2 19. Rxd2 Nd5
20. Red1 Rd8 21. Nc3 h6 22. Rxd5 Rxd5 23. Rxd5 Qa6 24. Kc2 Qf1 25. Rd2 Kh7
26. Ne4 Qb5 27. Rd4 cxd4 {White resigns} 0-1

[Event "ICC tourney 2545 (5 3)"]
[Site "Internet Chess Club"]
[Date "2021.04.11"]
[Round "2"]
[White "weheinrich"]
[Black "GYMEJR"]
[Result "0-1"]
[ICCResult "White resigns"]
[WhiteElo "1296"]
[BlackElo "1522"]
[Opening "Sicilian: Pelikan, Chelyabinsk variation"]
[ECO "B33"]
[NIC "SI.37"]
[Time "14:29:53"]
[TimeControl "300+3"]

1. e4 c5 2. Nf3 Nc6 3. d4 cxd4 4. Nxd4 Nf6 5. Nc3 e5 6. Ndb5 d6 7. Bg5 a6 8.
Na3 b5 9. Nd5 Be7 10. Nxe7 Nxe7 11. Bxf6 gxf6 12. Bd3 d5 13. exd5 Qxd5 14.
Qf3 Qxf3 15. gxf3 Bf5 16. Be4 O-O-O 17. Ke2 Kc7 18. c4 b4 19. Nc2 a5 20. Ne3
Bxe4 21. fxe4 Rd4 22. f3 Rhd8 23. Rad1 Rxd1 24. Rxd1 Rxd1 25. Kxd1 Kd6 26.
Nd5 f5 27. Ke2 fxe4 28. fxe4 f5 29. Nf6 f4 30. b3 a4 31. bxa4 Kc5 32. Nxh7
Kxc4 33. a5 Kb5 34. Kd3 Kxa5 35. Ng5 Ng6 36. Kc4 Ka4 37. h3 Nh4 38. Nf3 Nxf3
{White resigns}
0-1

[Event "ICC tourney 2545 (5 3)"]
[Site "Internet Chess Club"]
[Date "2021.04.11"]
[Round "2"]
[White "chabotheking"]
[Black "hansup"]
[Result "1-0"]
[ICCResult "Black resigns"]
[WhiteElo "2576"]
[BlackElo "1576"]
[Opening "Petrov's defense"]
[ECO "C42"]
[NIC "RG.03"]
[Time "14:30:29"]
[TimeControl "300+3"]

1. e4 e5 2. Nf3 Nf6 3. Nxe5 Nc6 4. Nxc6 dxc6 5. d3 Bc5 6. c3 O-O 7. d4 Bb6
8. e5 Ng4 9. Be2 Nxf2 10. Kxf2 Qh4+ 11. g3 Qe4 12. Bf4 Bh3 13. Bf3 Qf5 14.
Nd2 g5 15. Be4 Qg4 16. Qxg4 Bxg4 17. Bxg5 Rae8 18. Bf6 c5 19. Nb3 cxd4 20.
cxd4 c5 21. dxc5 Bc7 22. Rhe1 b6 23. Rac1 bxc5 24. Nxc5 Bb6 25. b4 a5 26. a3
axb4 27. axb4 Bh5 28. Kg2 Bxc5 29. bxc5 Rb8 30. c6 Rb2+ 31. Rc2 Rxc2+ 32.
Bxc2 {Black resigns} 1-0

[Event "ICC tourney 2545 (5 3)"]
[Site "Internet Chess Club"]
[Date "2021.04.11"]
[Round "2"]
[White "FlavieH"]
[Black "vaishnavdurgasi"]
[Result "0-1"]
[ICCResult "White resigns"]
[WhiteElo "1252"]
[BlackElo "1264"]
[Opening "French defense"]
[ECO "C11"]
[NIC "QP.07"]
[Time "14:30:06"]
[TimeControl "300+3"]

1. d4 Nf6 2. Nc3 e6 3. e4 d5 4. Be2 dxe4 5. f3 exf3 6. Nxf3 Nc6 7. O-O Bd6
8. Re1 O-O 9. Bd3 b6 10. Ne5 Bb7 11. Bg5 h6 12. Bxh6 gxh6 13. Qf3 Nxe5 14.
Qxb7 Nxd3 15. Re3 Nf4 16. Rf1 Ng6 17. Qf3 Be7 18. Ne4 Nxe4 19. Rxe4 Qd5 20.
c4 Qxc4 21. Qh5 Kg7 22. Re3 Qxd4 23. Re1 Bg5 {White resigns} 0-1

[Event "ICC tourney 2545 (5 3)"]
[Site "Internet Chess Club"]
[Date "2021.04.11"]
[Round "2"]
[White "B9"]
[Black "Skydancer52"]
[Result "1-0"]
[ICCResult "Black resigns"]
[WhiteElo "1797"]
[BlackElo "1404"]
[Opening "Queen's pawn game"]
[ECO "A46"]
[NIC "QP.06"]
[Time "14:30:05"]
[TimeControl "300+3"]

1. d4 Nf6 2. Nf3 d6 3. Bf4 h6 4. h3 Nbd7 5. e3 Nd5 6. Bh2 b6 7. c3 Bb7 8.
Be2 e6 9. Nbd2 Be7 10. O-O O-O 11. Re1 c5 12. a4 N5f6 13. Bf1 d5 14. Qb1 c4
15. b3 Qc7 16. Bxc7 Rfc8 17. Bh2 Ne4 18. Nxe4 dxe4 19. Nd2 f5 20. Bxc4 Bd5
21. Bxd5 exd5 22. c4 Nf6 23. Be5 a5 24. Rc1 Kh7 25. Qb2 Bb4 26. Bxf6 gxf6
27. cxd5 Rd8 28. Nc4 Rab8 29. d6 Kg6 30. Rf1 Bxd6 31. Nxd6 Rxd6 32. g3 h5
33. h4 b5 34. Rfc1 Rd5 35. Qc3 b4 36. Qc7 Rbd8 37. Rc6 R5d7 38. Qxa5
{Black resigns}
1-0

[Event "ICC tourney 2545 (5 3)"]
[Site "Internet Chess Club"]
[Date "2021.04.11"]
[Round "2"]
[White "pribi1978"]
[Black "keesparov2001"]
[Result "1-0"]
[ICCResult "Black resigns"]
[WhiteElo "1660"]
[BlackElo "931"]
[Opening "English: Neo-Catalan"]
[ECO "A13"]
[NIC "QP.11"]
[Time "14:29:29"]
[TimeControl "300+3"]

1. Nf3 Nf6 2. c4 e6 3. g3 d5 4. b3 a6 5. Bg2 Nc6 6. O-O Rb8 7. d4 Be7 8. Nc3
dxc4 9. bxc4 b5 10. cxb5 axb5 11. Bb2 Bb7 12. e3 Na5 13. Rc1 Nc4 14. Ba1 Nd5
15. Nxb5 Ba6 16. a4 Bxb5 17. axb5 Ncb6 18. Ne5 Qd6 19. Nc6 Ra8 20. e4 Bg5
21. exd5 Bxc1 22. Qxc1 Nxd5 23. Qc5 Qxc5 24. dxc5 O-O 25. Bxd5 exd5 26. Ne7+
Kh8 27. Nxd5 c6 28. bxc6 Rfc8 29. c7 Ra5 30. Bd4 Ra2 31. Rb1 Raa8 32. Nb6
Re8 33. Nxa8 Rxa8 34. Rb8+ {Black resigns} 1-0